TOP OF THE 1ST |
Oakland Oaks batting - Pitching for Kelowna Heat : RHP Pablo Mejia
|
Pitching: RHP Pablo Mejia
|
|
Batting: LHB Justin LeFlore
|
0-0: Ball 1-0: Called Strike 1-1: Foul Ball, location: 2F 1-2: Strikes out swinging
|
Batting: SHB Steve McGee
|
0-0: Fly out, F9 (Flyball, 9, EV 95.0 MPH)
|
Batting: SHB Chris King
|
0-0: Ball 1-0: Foul Ball, location: 2F 1-1: Ground out 6-3 (Groundball, 6M, EV 88.8 MPH)
|
Top of the 1st over - 0 runs, 0 hits, 0 errors, 0 left on base; Oakland 0 - Kelowna 0 |
BOTTOM OF THE 1ST |
Kelowna Heat batting - Pitching for Oakland Oaks : RHP Bob Waters
|
Pitching: RHP Bob Waters
|
|
Batting: LHB Ricardo Torres
|
0-0: Ball 1-0: Foul Ball, location: 2F 1-1: Called Strike 1-2: Strikes out swinging
|
Batting: LHB Mike Roberts
|
0-0: Ball 1-0: Ground out 6-3 (Groundball, 6, EV 99.4 MPH)
|
Batting: LHB Oscar Tamayo
|
0-0: Called Strike 0-1: Ball 1-1: Foul Ball, location: 2F 1-2: Ball 2-2: Ball 3-2: Ground out 3-1 (Groundball, 34, EV 80.6 MPH)
|
Bottom of the 1st over - 0 runs, 0 hits, 0 errors, 0 left on base; Oakland 0 - Kelowna 0 |
TOP OF THE 2ND |
Oakland Oaks batting - Pitching for Kelowna Heat : RHP Pablo Mejia
|
Batting: RHB Moises Guzman
|
0-0: Called Strike 0-1: Ball 1-1: Foul Ball, location: 2F 1-2: Ball 2-2: Foul Ball, location: 2F 2-2: Ball 3-2: Foul Ball, location: 2F 3-2: Fly out, F7 (Flyball, 7, EV 98.8 MPH)
|
Batting: LHB Bryan Hodensack
|
0-0: Called Strike 0-1: DOUBLE (Groundball, 3L, EV 103.1 MPH) - OUT at third base trying to stretch hit.
|
Batting: RHB Kasey Sands
|
0-0: Ball 1-0: Called Strike 1-1: Ball 2-1: Ball 3-1: Base on Balls
|
Batting: RHB Edwin Nunez
|
0-0: Called Strike 0-1: Swinging Strike 0-2: Ball 1-2: Ball 2-2: Foul Ball, location: 2F 2-2: Strikes out swinging
|
Top of the 2nd over - 0 runs, 1 hit, 0 errors, 1 left on base; Oakland 0 - Kelowna 0 |
BOTTOM OF THE 2ND |
Kelowna Heat batting - Pitching for Oakland Oaks : RHP Bob Waters
|
Batting: LHB Alex Larangho
|
0-0: Foul Ball, location: 2F 0-1: Ball 1-1: Ball 2-1: Swinging Strike 2-2: Foul Ball, location: 2F 2-2: Ground out 4-3 (Groundball, 4, EV 107.5 MPH)
|
Batting: RHB Tony Harper
|
0-0: Foul Ball, location: 2F 0-1: Ball 1-1: Foul Ball, location: 2F 1-2: Ball 2-2: Ground out 4-3 (Groundball, 4, EV 81.2 MPH)
|
Batting: RHB Harry Dickson
|
0-0: Foul Ball, location: 2F 0-1: Ball 1-1: Reached on error, E6 (Groundball, 6S, EV 80.6 MPH)
|
Batting: SHB Michael Woodard
|
0-0: Called Strike 0-1: Swinging Strike 0-2: Strikes out swinging
|
Bottom of the 2nd over - 0 runs, 0 hits, 1 error, 1 left on base; Oakland 0 - Kelowna 0 |
TOP OF THE 3RD |
Oakland Oaks batting - Pitching for Kelowna Heat : RHP Pablo Mejia
|
Batting: RHB Matt Nehman
|
0-0: Foul Ball, location: 2F 0-1: Ball 1-1: Foul Ball, location: 2F 1-2: Ball 2-2: Fly out, F7 (Flyball, 7S, EV 74.4 MPH)
|
Batting: RHB Ricky Ulloa
|
0-0: Called Strike 0-1: Foul Ball, location: 2F 0-2: Strikes out swinging
|
Batting: LHB Justin LeFlore
|
0-0: Swinging Strike 0-1: Fly out, F9 (Flyball, 9, EV 93.8 MPH)
|
Top of the 3rd over - 0 runs, 0 hits, 0 errors, 0 left on base; Oakland 0 - Kelowna 0 |
BOTTOM OF THE 3RD |
Kelowna Heat batting - Pitching for Oakland Oaks : RHP Bob Waters
|
Batting: RHB Sean Gilbert
|
0-0: Swinging Strike 0-1: Called Strike 0-2: Strikes out looking
|
Batting: RHB Joe Nelson
|
0-0: Ground out 6-3 (Groundball, 6MS, EV 90.6 MPH)
|
Batting: LHB Ricardo Torres
|
0-0: Called Strike 0-1: Foul Ball, location: 2F 0-2: Strikes out swinging
|
Bottom of the 3rd over - 0 runs, 0 hits, 0 errors, 0 left on base; Oakland 0 - Kelowna 0 |
TOP OF THE 4TH |
Oakland Oaks batting - Pitching for Kelowna Heat : RHP Pablo Mejia
|
Batting: SHB Steve McGee
|
0-0: Swinging Strike 0-1: Foul Ball, location: 2F 0-2: Fly out, F5 (Flyball, 56D, EV 82.5 MPH)
|
Batting: SHB Chris King
|
0-0: Called Strike 0-1: Swinging Strike 0-2: Strikes out swinging, 2-3 out at first.
|
Batting: RHB Moises Guzman
|
0-0: Ground out 6-3 (Groundball, 6, EV 98.1 MPH)
|
Top of the 4th over - 0 runs, 0 hits, 0 errors, 0 left on base; Oakland 0 - Kelowna 0 |
BOTTOM OF THE 4TH |
Kelowna Heat batting - Pitching for Oakland Oaks : RHP Bob Waters
|
Batting: LHB Mike Roberts
|
0-0: Ball 1-0: Called Strike 1-1: Called Strike 1-2: Foul Ball, location: 2F 1-2: Ball 2-2: Foul Ball, location: 2F 2-2: Ball 3-2: Base on Balls
|
Batting: LHB Oscar Tamayo
|
0-0: Foul Ball, location: 2F 0-1: Ball Mike Roberts steals 2nd base 1-1: Foul Ball, location: 2F 1-2: Foul Ball, location: 2F 1-2: Foul Ball, location: 2F 1-2: Foul Ball, location: 2F 1-2: Strikes out swinging
|
Batting: LHB Alex Larangho
|
0-0: Called Strike 0-1: Foul Ball, location: 2F 0-2: Foul Ball, location: 2F 0-2: Ball 1-2: Strikes out swinging, 2-3 out at first.
|
Batting: RHB Tony Harper
|
0-0: Ball 1-0: Ball 2-0: Ground out 6-3 (Groundball, 6S, EV 71.2 MPH)
|
Bottom of the 4th over - 0 runs, 0 hits, 0 errors, 1 left on base; Oakland 0 - Kelowna 0 |
TOP OF THE 5TH |
Oakland Oaks batting - Pitching for Kelowna Heat : RHP Pablo Mejia
|
Batting: LHB Bryan Hodensack
|
0-0: Called Strike 0-1: Ball 1-1: Called Strike 1-2: Ground out 4-3 (Groundball, 4, EV 81.2 MPH)
|
Batting: RHB Kasey Sands
|
0-0: Called Strike 0-1: Ball 1-1: Ball 2-1: Foul Ball, location: 2F 2-2: Foul Ball, location: 2F 2-2: Ball 3-2: Foul Ball, location: 2F 3-2: Strikes out looking
|
Batting: RHB Edwin Nunez
|
0-0: Swinging Strike 0-1: Called Strike 0-2: Foul Ball, location: 2F 0-2: Strikes out swinging
|
Top of the 5th over - 0 runs, 0 hits, 0 errors, 0 left on base; Oakland 0 - Kelowna 0 |
BOTTOM OF THE 5TH |
Kelowna Heat batting - Pitching for Oakland Oaks : RHP Bob Waters
|
Batting: RHB Harry Dickson
|
0-0: Ball 1-0: Ball 2-0: SINGLE (Line Drive, 56, EV 102.5 MPH)
|
Batting: SHB Michael Woodard
|
0-0: Called Strike 0-1: Fly out, F8 (Flyball, 89D, EV 96.2 MPH)
|
Batting: RHB Sean Gilbert
|
0-0: Fielders Choice at 2nd, 6-4 (Groundball, 6, EV 93.1 MPH)
|
Pitching: LHP Artemio Millares
|
|
Batting: RHB Joe Nelson
|
0-0: Ball 1-0: Foul Ball, location: 2F 1-1: Fielders Choice at 2nd, 5-4 (Groundball, 56, EV 105.0 MPH)
|
Bottom of the 5th over - 0 runs, 1 hit, 0 errors, 1 left on base; Oakland 0 - Kelowna 0 |
TOP OF THE 6TH |
Oakland Oaks batting - Pitching for Kelowna Heat : RHP Pablo Mejia
|
Batting: RHB Matt Nehman
|
0-0: Called Strike 0-1: Ball 1-1: Ball 2-1: Foul Ball, location: 2F 2-2: Ground out 6-3 (Groundball, 6, EV 91.9 MPH)
|
Batting: RHB Ricky Ulloa
|
0-0: Called Strike 0-1: Foul Ball, location: 2F 0-2: Strikes out looking
|
Batting: LHB Justin LeFlore
|
0-0: Ball 1-0: Called Strike 1-1: Ball 2-1: SINGLE (Flyball, 9, EV 84.4 MPH)
|
Batting: SHB Steve McGee
|
0-0: Called Strike Justin LeFlore steals 2nd base (no throw) 0-1: Swinging Strike 0-2: Strikes out looking
|
Top of the 6th over - 0 runs, 1 hit, 0 errors, 1 left on base; Oakland 0 - Kelowna 0 |
BOTTOM OF THE 6TH |
Kelowna Heat batting - Pitching for Oakland Oaks : LHP Artemio Millares
|
Batting: LHB Ricardo Torres
|
0-0: Ball 1-0: Foul Ball, location: 2F 1-1: Swinging Strike 1-2: Strikes out swinging
|
Batting: LHB Mike Roberts
|
0-0: Ball 1-0: Foul Ball, location: 2F 1-1: Foul Ball, location: 2F 1-2: Ball 2-2: Foul Ball, location: 2F 2-2: Ball 3-2: Foul Ball, location: 2F 3-2: Fly out, F8 (Flyball, 8RXD, EV 95.0 MPH)
|
Batting: LHB Oscar Tamayo
|
0-0: Ball 1-0: Foul Ball, location: 2F 1-1: Foul Ball, location: 2F 1-2: Fly out, F9 (Flyball, 9D, EV 97.5 MPH)
|
Bottom of the 6th over - 0 runs, 0 hits, 0 errors, 0 left on base; Oakland 0 - Kelowna 0 |
TOP OF THE 7TH |
Oakland Oaks batting - Pitching for Kelowna Heat : RHP Pablo Mejia
|
Batting: SHB Chris King
|
0-0: Ball 1-0: Called Strike 1-1: Ball 2-1: Foul Ball, location: 2F 2-2: Foul Ball, location: 2F 2-2: Foul Ball, location: 2F 2-2: Fly out, F9 (Flyball, 9, EV 83.8 MPH)
|
Batting: RHB Moises Guzman
|
0-0: Ball 1-0: Swinging Strike 1-1: Called Strike 1-2: Hit by Pitch
|
Pitching: RHP Danny MacKinnon
|
|
Batting: LHB Bryan Hodensack
|
0-0: Hit by Pitch Moises Guzman to second
|
Batting: RHB Kasey Sands
|
0-0: Ball 1-0: Swinging Strike 1-1: Foul Ball, location: 2F 1-2: Ball 2-2: Ball 3-2: Strikes out looking
|
Batting: LHB Diego Vega
|
0-0: Ball 1-0: Ball 2-0: Called Strike 2-1: Called Strike 2-2: Ball 3-2: Fly out, F8 (Line Drive, 8RM, EV 91.2 MPH)
|
Top of the 7th over - 0 runs, 0 hits, 0 errors, 2 left on base; Oakland 0 - Kelowna 0 |
BOTTOM OF THE 7TH |
Kelowna Heat batting - Pitching for Oakland Oaks : LHP Artemio Millares
|
Batting: LHB Alex Larangho
|
0-0: Foul Ball, location: 2F 0-1: Swinging Strike 0-2: Strikes out swinging
|
Batting: RHB Tony Harper
|
0-0: Ball 1-0: Fly out, F2 (Popup, 23F, EV 87.5 MPH)
|
Batting: RHB Harry Dickson
|
0-0: Ball 1-0: Fly out, F7 (Flyball, 78S, EV 91.2 MPH)
|
Bottom of the 7th over - 0 runs, 0 hits, 0 errors, 0 left on base; Oakland 0 - Kelowna 0 |
TOP OF THE 8TH |
Oakland Oaks batting - Pitching for Kelowna Heat : RHP Danny MacKinnon
|
Pinch Hitting: RHB Colin Edwards
|
0-0: Ball 1-0: Called Strike 1-1: Called Strike 1-2: Strikes out swinging
|
Batting: RHB Ricky Ulloa
|
0-0: Foul Ball, location: 2F 0-1: Ball 1-1: Called Strike 1-2: Strikes out swinging
|
Batting: LHB Justin LeFlore
|
0-0: Foul Ball, location: 2F 0-1: Foul Ball, location: 2F 0-2: Strikes out looking
|
Top of the 8th over - 0 runs, 0 hits, 0 errors, 0 left on base; Oakland 0 - Kelowna 0 |
BOTTOM OF THE 8TH |
Kelowna Heat batting - Pitching for Oakland Oaks : LHP Artemio Millares
|
Now at 1B: Justin Conley
|
|
Batting: SHB Michael Woodard
|
0-0: Swinging Strike 0-1: Called Strike 0-2: Ball 1-2: Strikes out swinging
|
Batting: RHB Sean Gilbert
|
0-0: Swinging Strike 0-1: Ball 1-1: Ball 2-1: Foul Ball, location: 2F 2-2: Ball 3-2: Ground out 6-3 (Groundball, 6, EV 108.8 MPH)
|
Batting: RHB Joe Nelson
|
0-0: Foul Ball, location: 2F 0-1: Ball 1-1: Called Strike 1-2: Ball 2-2: Ball 3-2: Foul Ball, location: 2F 3-2: Base on Balls
|
Pitching: LHP Andre Bradley
|
|
Batting: LHB Ricardo Torres
|
0-0: Ball 1-0: Ball 2-0: Called Strike 2-1: Ball 3-1: Fielders Choice at 2nd, 6-4 (Groundball, 6, EV 88.8 MPH)
|
Bottom of the 8th over - 0 runs, 0 hits, 0 errors, 1 left on base; Oakland 0 - Kelowna 0 |
TOP OF THE 9TH |
Oakland Oaks batting - Pitching for Kelowna Heat : RHP Danny MacKinnon
|
Batting: SHB Steve McGee
|
0-0: Ball 1-0: Called Strike 1-1: Fly out, F6 (Line Drive, 56D, EV 73.8 MPH)
|
Batting: SHB Chris King
|
0-0: Ball 1-0: SINGLE (Groundball, 34D, EV 106.2 MPH)
|
Batting: RHB Moises Guzman
|
0-0: Foul Ball, location: 2F 0-1: Called Strike Chris King steals 2nd base 0-2: Fly out, F9 (Flyball, 9S, EV 86.9 MPH)
|
Batting: LHB Bryan Hodensack
|
0-0: Intentional Walk
|
Batting: RHB Kasey Sands
|
0-0: Called Strike 0-1: Swinging Strike 0-2: Ground out 4-3 (Groundball, 4, EV 80.0 MPH)
|
Top of the 9th over - 0 runs, 1 hit, 0 errors, 2 left on base; Oakland 0 - Kelowna 0 |
BOTTOM OF THE 9TH |
Kelowna Heat batting - Pitching for Oakland Oaks : LHP Andre Bradley
|
Pitching: LHP Jason Hahn
|
|
Batting: LHB Mike Roberts
|
0-0: Ball 1-0: Called Strike 1-1: Foul Ball, location: 2F 1-2: Ball 2-2: Ball 3-2: Fly out, F8 (Flyball, 8LXD, EV 89.4 MPH)
|
Batting: LHB Oscar Tamayo
|
0-0: Foul Ball, location: 2F 0-1: Foul Ball, location: 2F 0-2: Ball 1-2: Ball 2-2: Foul Ball, location: 2F 2-2: Ball 3-2: Foul Ball, location: 2F 3-2: SOLO HOME RUN (Flyball, 9D, EV 96.9 MPH), Distance : 376 ft
|
Bottom of the 9th over - 1 run, 1 hit, 0 errors, 0 left on base; Oakland 0 - Kelowna 1 |
|